Workbook
Name data: Stats!$A$2:$A$103

Sheet Grading Sheet
A1: Budget Expenses
A2: Requirements: Answer each question fully. Answers must be recorded on the worksheet. EXCEL FORMULAS MUST BE USED.
B3: Points Possible | C3: Points Earned | D3: Comments
A4: Location identified | B4: 2
A5: Travel Expenses identified and calculated for the entire group with an Excel formula | B5: 14
A6: Lodging Expenses identified and calculated for the entire group with an Excel formula | B6: 14
A7: Food Expenses identified and calculated for the entire group with an Excel formula | B7: 14
A8: Entertainment Expenses identified and calculated for the entire group with an Excel formula | B8: 14
A9: Total Budget | B9: 2
A10: Budget Expenses total | B10: =SUM(B4:B9) -> 60 | C10: =SUM(C4:C8) -> 0
A11: Loans
A12: Requirements: Answer each question fully. Answers must be recorded on the worksheet. EXCEL FORMULAS MUST BE USED.
B13: Possible Points | C13: Points Earned | D13: Comments
A14: Calculations for both loans are correct | B14: 21
A15: Explain in 25 to 100 words which loan is the best option and why. | B15: 14
A16: Loan total | B16: =SUM(B14:B15) -> 35 | C16: =SUM(C14:C15) -> 0
A17: Stats
A18: Requirements: Answer each question fully. Answers must be recorded on the worksheet. EXCEL FORMULAS MUST BE USED.
B19: Points Possible | C19: Points Earned | D19: Comments
A20: Mean, Median, Mode | B20: 6
A21: Range, Minimum, Maximum | B21: 3
A22: Standard Deviation | B22: 4
A23: Frequency Distribution | B23: 6
A24: Histogram | B24: 6
A25: z-Score | B25: 5
A26: Stats total | B26: =SUM(B20:B25) -> 30 | C26: =SUM(C20:C25) -> 0
A27: Major Assignment 1
A28: Total for Major Assignment 1 | B28: =B10+B16+B26 -> 125 | C28: =C10+C16+C26 -> 0

Sheet Budget Expenses
B1: SAN FRANCISCO
H2: Budget Total: | J2: =E10+E17+E24+E34 -> 8926.5
B3: Transportation | P3: AVG DAILY COST PER PERSON PER DAY
B4: Item | C4: Qty | D4: Price each | E4: Total price | F4: Source | P4: 172
B5: Description | C5: numbers | D5: Number or NA | E5: Formulas | F5: Link or citation | P5: AVG DAILY COST PER PERSON PER WEEK
B6: INTERCITY TRANSPORTATION | C6: 1 | D6: 147 | E6: =D6*C6 -> 147 | F6: www.findingtheuniverse.com
B7: LOCAL TRANSPORTATION-LARGE SUV FOR A WEEK | C7: 1 | D7: 450 | E7: =D7*C7 -> 450 | P7: =P4*7 -> 1204
B8: INSURANCE | C8: 1 | D8: =0.15*D7 -> 67.5 | E8: =D8*C8 -> 67.5
B10: TOTAL | E10: =SUM(E6:E8) -> 664.5
B11: Lodging
B12: Item | C12: Qty | D12: Price each | E12: Total price
B13: Description | C13: numbers | D13: Number or NA | E13: Formulas | F13: Link or citation
B14: HOTEL/HOSTEL PER PERSON-(MID RANGE) | C14: 5 | D14: 103 | E14: =D14*C14*7 -> 3605 | F14: www.airbnb.com
B17: TOTAL | E17: =SUM(E14:E16) -> 3605
B18: Food
B19: Item | C19: Qty | D19: Price each | E19: Total price
B20: Description | C20: numbers | D20: Number or NA | E20: Formulas | F20: Link or citation
B21: ONE DAY FOOD | C21: 5 | D21: 47 | E21: =C21*D21*7 -> 1645 | F21: www.budgetyourtrip.com
B22: WATER-BOTTLED FOR 1 DAY | C22: 5 | D22: 14 | E22: =C22*D22*7 -> 490
B23: JUNKS | C23: 5 | D23: 8 | E23: =C23*D23*7 -> 280
B24: TOTAL | E24: =SUM(E21:E23) -> 2415
B25: Entertainment and Misc.
B26: Item | C26: Qty | D26: Price each | E26: Total price
B27: Numbers | C27: numbers | D27: Number or NA | E27: Formulas | F27: Link or citation
B28: ENTRANCE TICKETS, SHOWS ETC | C28: 5 | D28: 49 | E28: =C28*D28 -> 245 | F28: www.wanderlustingk.com
B29: ALCOHOL (DRINKS FOR A DAY) | C29: 5 | D29: 19 | E29: =C29*D29*7 -> 665
B30: TIPS AND HANDOUTS FOR GUIDES AND SERVICE PROVIDERS | C30: 2 | D30: 27 | E30: =C30*D30*7 -> 378
B31: DUCK TOUR | C31: 5 | D31: 32 | E31: =C31*D31 -> 160
B32: SIGHT SEEING | C32: 5 | D32: 20 | E32: =C32*D32*7 -> 700
B33: SCAMS, ROBBERIES AND MISHARPS | C33: 1 | D33: 94 | E33: =C33*D33 -> 94
B34: TOTAL | E34: =SUM(E28:E33) -> 2242

Sheet Loans
B2: Loans
C3: Loan A | D3: Loan B
B4: Principal (P) (same for both loans) | C4: ='Budget Expenses'!J2 -> 8926.5 | D4: =C4 -> 8926.5
B5: rate ( r) | C5: 0.0699 | D5: 0.0616
B6: # of Compoundings per year (n) | C6: 12 | D6: 12
B7: time in years (t) | C7: 2 | D7: 2
B8: Payment (PMT) | C8: =C4*(C5/C6)/(1-(1+C5/C6)^(-C6*C7)) -> 399.62196 | D8: =D4*(D5/D6)/(1-(1+D5/D6)^(-D6*D7)) -> 396.2718
B10: Total Paid | C10: =C8*C7*C6 -> 9590.9271 | D10: =D8*D7*D6 -> 9510.5232
B11: Interest Paid | C11: =C10-C4 -> 664.42707 | D11: =D10-D4 -> 584.0232
B12: Source | C12: www.thesimpledollar.com | D12: www.thesimledollar.com

Sheet Stats
A1: Data
A2: =Data!A2 -> 64.4 | C2: Descriptive Statistics | F2: Frequency Distribution
A3: =Data!A3 -> 69.6 | C3: Mean | D3: =AVERAGE(data) -> 67.996078 | F3: Low | G3: High | H3: Bins | I3: Cumulative Frequency | J3: Frequency
A4: =Data!A4 -> 66.3 | C4: Median | D4: =MEDIAN(data) -> 68.45 | F4: =D7 -> 57.3 | G4: =F4+$D$16 -> 59.163636 | H4: =G4-F4 -> 1.8636364 | I4: =J4 -> 1 | J4: =FREQUENCY(data,F4:G4) -> 1
A5: =Data!A5 -> 70.6 | C5: Mode | D5: =MODE(data) -> 69.4 | F5: =G4 -> 59.163636 | G5: =F5+$D$16 -> 61.027273 | H5: =G5-F5 -> 1.8636364 | I5: =I4+J5 -> 2 | J5: =FREQUENCY(data,F5:G5) -> 1
A6: =Data!A6 -> 74 | C6: Range | D6: =D15-D14 -> 20.5 | F6: =G5 -> 61.027273 | G6: =F6+$D$16 -> 62.890909 | H6: =G6-F6 -> 1.8636364 | I6: =I5+J6 -> 4 | J6: =FREQUENCY(data,F6:G6) -> 2
A7: =Data!A7 -> 64.8 | C7: Minimum | D7: =MIN(data) -> 57.3 | F7: =G6 -> 62.890909 | G7: =F7+$D$16 -> 64.754545 | H7: =G7-F7 -> 1.8636364 | I7: =I6+J7 -> 11 | J7: =FREQUENCY(data,F7:G7) -> 7
A8: =Data!A8 -> 62.9 | C8: Maximum | D8: =MAX(data) -> 77.8 | F8: =G7 -> 64.754545 | G8: =F8+$D$16 -> 66.618182 | H8: =G8-F8 -> 1.8636364 | I8: =I7+J8 -> 34 | J8: =FREQUENCY(data,F8:G8) -> 23
A9: =Data!A9 -> 66.1 | C9: Standard Deviation | D9: =STDEV(data) -> 3.7242827 | F9: =G8 -> 66.618182 | G9: =F9+$D$16 -> 68.481818 | H9: =G9-F9 -> 1.8636364 | I9: =I8+J9 -> 70 | J9: =FREQUENCY(data,F9:G9) -> 36
A10: =Data!A10 -> 65.9 | C10: Your height | D10: formula | F10: =G9 -> 68.481818 | G10: =F10+$D$16 -> 70.345455 | H10: =G10-F10 -> 1.8636364 | I10: =I9+J10 -> 121 | J10: =FREQUENCY(data,F10:G10) -> 51
A11: =Data!A11 -> 62 | C11: z score for your height | D11: 0.85149959 | F11: =G10 -> 70.345455 | G11: =F11+$D$16 -> 72.209091 | H11: =G11-F11 -> 1.8636364 | I11: =I10+J11 -> 196 | J11: =FREQUENCY(data,F11:G11) -> 75
A12: =Data!A12 -> 70.7 | F12: =G11 -> 72.209091 | G12: =F12+$D$16 -> 74.072727 | H12: =G12-F12 -> 1.8636364 | I12: =I11+J12 -> 288 | J12: =FREQUENCY(data,F12:G12) -> 92
A13: =Data!A13 -> 70.2 | C13: Histogram | F13: =G12 -> 74.072727 | G13: =F13+$D$16 -> 75.936364 | H13: =G13-F13 -> 1.8636364 | I13: =I12+J13 -> 386 | J13: =FREQUENCY(data,F13:G13) -> 98
A14: =Data!A14 -> 72.2 | C14: Min | D14: =MIN(data) -> 57.3 | F14: =G13 -> 75.936364 | G14: =F14+$D$16 -> 77.8 | H14: =G14-F14 -> 1.8636364 | I14: =I13+J14 -> 485 | J14: =FREQUENCY(data,F14:G14) -> 99
A15: =Data!A15 -> 65.6 | C15: Max | D15: =MAX(data) -> 77.8 | F15: (remember to create the Histogram, too).
A16: =Data!A16 -> 61 | C16: Bin Length | D16: =D6/11 -> 1.8636364
A17: =Data!A17 -> 71.2
A18: =Data!A18 -> 69.4
A19: =Data!A19 -> 70.5
A20: =Data!A20 -> 68.8
A21: =Data!A21 -> 67.6
A22: =Data!A22 -> 66.9
A23: =Data!A23 -> 72.6
A24: =Data!A24 -> 74.7
A25: =Data!A25 -> 68.6
A26: =Data!A26 -> 66.2
A27: =Data!A27 -> 69
A28: =Data!A28 -> 67.6
... A103: =Data!A103 -> 67.5

Sheet Data
A1: Generated Data
A2: =ROUND(NORMINV(RAND(),68,3.75),1) -> 64.4
A3: =ROUND(NORMINV(RAND(),68,3.75),1) -> 69.6
A4: =ROUND(NORMINV(RAND(),68,3.75),1) -> 66.3
A5: =ROUND(NORMINV(RAND(),68,3.75),1) -> 70.6
A6: =ROUND(NORMINV(RAND(),68,3.75),1) -> 74
A7: =ROUND(NORMINV(RAND(),68,3.75),1) -> 64.8
A8: =ROUND(NORMINV(RAND(),68,3.75),1) -> 62.9
A9: =ROUND(NORMINV(RAND(),68,3.75),1) -> 66.1
A10: =ROUND(NORMINV(RAND(),68,3.75),1) -> 65.9
A11: =ROUND(NORMINV(RAND(),68,3.75),1) -> 62
A12: =ROUND(NORMINV(RAND(),68,3.75),1) -> 70.7
A13: =ROUND(NORMINV(RAND(),68,3.75),1) -> 70.2
... A103: =ROUND(NORMINV(RAND(),68,3.75),1) -> 67.5
